 Dungeon Crawl Stone Soup version 0.25-b1-46-gb8a1ec05df (webtiles) character file.

Game seed: 18093660731211012452

23166 grindst0ne the Zephyrmancer (level 13, -5/80 HPs)
             Began as a Tengu Air Elementalist on June 10, 2020.
             Was an Elder of Vehumet.
             Slain by a six-headed hydra (6 damage)
             ... while petrified by a basilisk
             ... on level 5 of the Lair of Beasts.
             The game lasted 00:51:07 (19437 turns).

grindst0ne the Zephyrmancer (TeAE)                 Turns: 19437, Time: 00:51:08

Health: -5/80      AC:  4    Str:  9    XL:     13   Next: 5%
Magic:  31/33      EV:  2    Int: 20    God:    Vehumet [****..]
Gold:   1031       SH:  0    Dex: 15    Spells: 3/25 levels left

rFire    . . .     SeeInvis .   G - +4 scimitar (flame)
rCold    . . .     Gourm    .   (no shield)
rNeg     + + +     Faith    .   J - +0 troll leather armour
rPois    ∞         Spirit   .   (helmet restricted)
rElec    .         Reflect  +   (no cloak)
rCorr    .         Harm     .   (no gloves)
MR       .....                  (boots unavailable)
Stlth    ++........             N - amulet of reflection
HPRegen  0.63/turn              F - ring of magical power
MPRegen  0.23/turn              T - +4 ring of evasion

@: petrified, flying quickly and evasively, quick
A: beak, talons 3, able to fly
a: Stop Flying, Renounce Religion


You were on level 5 of the Lair of Beasts.
You worshipped Vehumet.
Vehumet was greatly pleased with you.
You were not hungry.

You visited 2 branches of the dungeon, and saw 15 of its levels.

You collected 1031 gold pieces.

Inventory:

Hand Weapons
 C - the +4 long sword "Afetimu" {drain, +Rage rElec Dex-2 Stlth+}
   (You found it on level 9 of the Dungeon)

   A truly terrible weapon, it drains the life of those it strikes.
   It affects your dexterity (-2).
   It insulates you from electricity.
   It lets you go berserk.
   It makes you more stealthy.
 G - a +4 scimitar of flaming (weapon)
Missiles
 d - 15 boomerangs
 f - 80 poisoned darts
 i - a throwing net
 x - 10 curare-tipped darts (quivered)
Armour
 w - a +0 buckler
 y - the +1 leather armour "Xonlam" {rF+ Str+4}
   (You found it on level 5 of the Dungeon)

   It affects your strength (+4).
   It protects you from fire.
 z - a +0 kite shield
 H - a +2 robe of positive energy
 J - a +0 troll leather armour (worn)
Jewellery
 D - an uncursed ring of resist corrosion
 F - a ring of magical power (left hand)
 K - an uncursed ring of protection from fire
 N - an amulet of reflection (around neck)
 P - an uncursed ring of protection from cold
 Q - an uncursed ring of protection from magic
 T - a +4 ring of evasion (right hand)
 V - an uncursed ring of poison resistance
Wands
 b - a wand of iceblast (2)
 m - a wand of clouds (3)
 v - a wand of random effects (31)
 O - a wand of digging (5)
 U - a wand of paralysis (12)
 W - a wand of polymorph (5)
Scrolls
 a - a scroll of enchant weapon
 e - 4 scrolls of immolation
 g - 2 scrolls of enchant armour
 h - 4 scrolls of blinking
 j - 3 scrolls of fog
 l - 2 scrolls of amnesia {unknown}
 p - 4 scrolls of teleportation
 L - a scroll of remove curse
 M - a scroll of random uselessness {unknown}
 R - 3 scrolls of magic mapping
Potions
 k - 3 potions of curing
 n - a potion of magic
 o - 3 potions of ambrosia
 q - 6 potions of heal wounds
 r - 3 potions of lignification {unknown}
 s - a potion of brilliance {unknown}
 t - a potion of invisibility {unknown}
 u - 4 potions of flight {unknown}
 B - 3 potions of stabbing
 E - 2 potions of cancellation
 I - 2 potions of berserk rage {unknown}
 S - a potion of resistance {unknown}
Comestibles
 c - 12 rations
 A - 3 chunks of flesh


   Skills:
 - Level 9.0 Fighting
 * Level 10.8 Dodging
 - Level 2.0 Stealth
 + Level 6.7 Spellcasting
 + Level 12.3 Conjurations
 + Level 2.6 Summonings
 - Level 1.0 Fire Magic
 - Level 2.0 Ice Magic
 + Level 13.7 Air Magic
 - Level 5.0 Evocations


You had 3 spell levels left.
You knew the following spells:

 Your Spells              Type           Power        Failure   Level  Hunger
a - Shock                 Conj/Air       ####         1%          1    None
b - Airstrike             Air            ######....   1%          4    ###....
c - Lightning Bolt        Conj/Air       ######....   1%          5    #####..
d - Conjure Flame         Conj/Fire      ####....     1%          3    #......
e - Mephitic Cloud        Conj/Pois/Air  #####...     1%          3    #......
f - Ensorcelled Hibernat  Hex/Ice        ##....       14%         2    None
g - Summon Lightning Spi  Summ/Air       #####...     4%          4    ###....

Your spell library contained the following spells:

 Spells                   Type           Power        Failure   Level  Hunger
 Bolt of Magma            Conj/Fire/Erth ###.......   16%         5    #####..
 Freeze                   Ice            ##..         1%          1    None
 Magic Dart               Conj           ####         1%          1    None
 Searing Ray              Conj           ######       1%          2    None
 Swiftness                Chrm/Air       ####....     1%          2    None
 Dazzling Flash           Conj/Hex       ####..       1%          3    #......
 Static Discharge         Conj/Air       ######..     1%          3    #......
 Summon Small Mammal      Summ           ###.         4%          1    None
 Frozen Ramparts          Ice            ##....       5%          3    #......
 Animate Skeleton         Necr           N/A          14%         1    None
 Apportation              Tloc           #.....       14%         1    None
 Corona                   Hex            #......      14%         1    None
 Ozocubu's Armour         Chrm/Ice       ##......     26%         3    #......
 Confusing Touch          Hex            #.......     38%         3    #......
 Tukima's Dance           Hex            #.......     38%         3    #......
 Hailstorm                Conj/Ice       #####...     1%          4    ###....
 Conjure Ball Lightning   Conj/Air       ######....   2%          6    ######.
 Fulminant Prism          Conj/Hex       ####......   3%          4    ###....
 Iskenderun's Mystic Bla  Conj/Tloc      ####....     3%          4    ###....
 Silence                  Hex/Air        ####......   22%         5    #####..
 Summon Ice Beast         Ice/Summ       ###.....     45%         4    ###....
 Chain Lightning          Conj/Air       ######....   67%         8    #######
 Lehudib's Crystal Spear  Conj/Erth      ####......   100%        8    #######
 Absolute Zero            Ice            ##........   100%        9    #######
 Fire Storm               Conj/Fire      ####......   100%        9    #######
 Tornado                  Air            ######....   100%        9    #######


Dungeon Overview and Level Annotations

Branches:
Dungeon (10/15)            Temple (0/1) D:7            Lair (5/6) D:9
  Swamp (0/4) Lair:2        Snake (0/4) Lair:3
  Slime: Lair:5-6       Orc: D:9-12

Altars:
Ashenzari
Elyvilon
Hepliaklqana
Kikubaaqudgha
Makhleb
Okawaru
Trog
Uskayaw
Vehumet
Xom
Zin
The Shining One

Shops:
D:7 *

Annotations:
D:6 exclusion: downstairs
D:7 exclusion: downstairs
Lair:2 exclusion: 2 downstairs
Lair:3 exclusion: downstairs
Lair:4 exclusion: downstairs


Innate Abilities, Weirdness & Mutations

You have a beak for a mouth.
You have claws for feet.
You can fly continuously.


Message History

The basilisk dies!
Vehumet accepts your kill.
The six-headed hydra bites you but does no damage.
The six-headed hydra bites you. The six-headed hydra bites you! x4
* * * LOW HITPOINT WARNING * * *
The six-headed hydra bites you. x2
* * * LOW HITPOINT WARNING * * *
The six-headed hydra bites you but does no damage.
The six-headed hydra bites you!
* * * LOW HITPOINT WARNING * * *
The six-headed hydra bites you!
* * * LOW HITPOINT WARNING * * *
The six-headed hydra completely misses you.
The six-headed hydra bites you!
* * * LOW HITPOINT WARNING * * *
The six-headed hydra bites you but does no damage.
The six-headed hydra bites you!
* * * LOW HITPOINT WARNING * * *
The six-headed hydra bites you!
You die...

.......#......#
.w............#
..............##
..............P#
..........)...#
..............#
.#...##..†...P# ##
#...D....# ##
#...8@P..#
#..#####)....####
###......P....#.##
..................##
.......PPPP..PPPPPP..#
.......P≈≈P..P♣♣PPP.###
.......P≈≈P..P♣♣PPP.#.#
.......PPPP..PPPPPP..#
.........÷...........#


You could see a six-headed hydra and a friendly lightning spire (summoned).

Vanquished Creatures
  3 hydras
  Erica (D:8)
  Sonja (Lair:2)
  4 black mambas
  4 elephants
  A torpor snail (Lair:5)
  6 spiny frogs
  5 komodo dragons
  A polar bear (Lair:3)
  3 meliai (Lair:5)
  2 trolls
  Grinder (D:4)
  8 blink frogs
  4 slime creatures (D:10)
  6 hippogriffs
  2 wyverns
  2 wraiths (D:7)
  A basilisk (Lair:5)
  10 yaks
  14 water moccasins
  8 porcupines
  An orc warrior (D:7)
  A phantom (D:9)
  A black bear (D:7)
  An ice beast (D:6)
  3 sky beasts
  4 necrophages (Lair:2)
  3 ogres
  3 centaurs
  2 crocodiles (Lair:2)
  8 bullfrogs
  A gnoll sergeant (D:8)
  3 scorpions
  3 killer bees (Lair:5)
  An electric eel (Lair:4)
  10 wights
  2 howler monkeys
  4 crimson imps
  A centaur skeleton (D:8)
  5 jellies
  3 quasits
  10 hounds
  7 orc priests
  6 orc wizards
  A bullfrog skeleton (D:4)
  5 worker ants
  A hound skeleton (D:4)
  11 gnolls
  23 adders
  A shadow imp (D:8)
  4 oozes
  4 adder zombies
  An adder skeleton (D:4)
  2 worms
  3 dart slugs
  4 leopard geckos
  30 orcs
  3 giant cockroaches
  6 goblins
  5 hobgoblins
  14 jackals
  10 kobolds
  3 quokkas
  3 ball pythons
  A ball python skeleton (D:4)
  8 bats
  3 frilled lizards
  2 giant cockroach zombies
  A jackal skeleton (D:4)
  A jackal zombie (D:4)
  2 quokka skeletons
  A quokka zombie (D:7)
  9 rats
  A plant (D:9)
333 creatures vanquished.

Vanquished Creatures (collateral kills)
  A basilisk (Lair:5)
  2 killer bees (Lair:5)
3 creatures vanquished.

Vanquished Creatures (others)
  8 fungi (Lair:5)
  3 plants
  4 toadstools (D:7)
15 creatures vanquished.

Grand Total: 351 creatures vanquished

Notes
Turn   | Place    | Note
-------+----------+-------------------------------------------
     0 | D:1      | grindst0ne the Tengu Air Elementalist began the quest for
                  | the Orb.
     0 | D:1      | Reached XP level 1. HP: 10/10 MP: 4/4
   169 | D:1      | Reached XP level 2. HP: 3/15 MP: 1/6
   832 | D:1      | Reached XP level 3. HP: 19/19 MP: 4/7
  1126 | D:2      | Reached skill level 5 in Air Magic
  1323 | D:2      | Found a glowing silver altar of Zin.
  1926 | D:2      | Reached XP level 4. HP: 24/24 MP: 6/8
  1932 | D:2      | Learned a level 4 spell: Airstrike
  2342 | D:3      | Found a transporter.
  2345 | D:3      | Found a transporter.
  2353 | D:3      | Found an iron altar of Okawaru.
  2446 | D:3      | Reached skill level 6 in Air Magic
  2446 | D:3      | Gained mutation: You can fly continuously. [Tengu growth]
  2446 | D:3      | Reached XP level 5. HP: 19/28 MP: 4/9
  3427 | D:4      | Found a hazy altar of Hepliaklqana.
  3444 | D:4      | Found an ancient bone altar of Kikubaaqudgha.
  3444 | D:4      | Found a radiant altar of Vehumet.
  3446 | D:4      | Found a glowing golden altar of the Shining One.
  3459 | D:4      | Reached skill level 7 in Air Magic
  3552 | D:4      | Became a worshipper of Vehumet
  3779 | D:4      | Reached XP level 6. HP: 32/32 MP: 4/11
  4161 | D:4      | Found a burning altar of Makhleb.
  4623 | D:4      | Noticed a moth of wrath
  4625 | D:4      | Found a bloodstained altar of Trog.
  5084 | D:4      | Noticed Grinder
  5097 | D:4      | Killed Grinder
  5097 | D:4      | Reached skill level 1 in Fighting
  5097 | D:4      | Reached skill level 8 in Air Magic
  5097 | D:4      | Reached XP level 7. HP: 39/39 MP: 3/13
  5312 | D:5      | Entered Level 5 of the Dungeon
  5662 | D:5      | Learned a level 5 spell: Lightning Bolt
  5767 | D:5      | Reached * piety under Vehumet
  5767 | D:5      | Offered knowledge of Freeze by Vehumet.
  5767 | D:5      | Reached skill level 5 in Conjurations
  5768 | D:5      | Reached XP level 8. HP: 28/46 MP: 8/14
  6080 | D:5      | Got a slimy leather armour
  6091 | D:5      | Identified the +1 leather armour "Xonlam" {rF+ Str+4} (You
                  | found it on level 5 of the Dungeon)
  6513 | D:5      | Found a white marble altar of Elyvilon.
  6515 | D:5      | Found a shattered altar of Ashenzari.
  6968 | D:6      | Reached ** piety under Vehumet
  7087 | D:6      | Found a hide-covered altar of Uskayaw.
  7115 | D:6      | Offered knowledge of Foxfire by Vehumet.
  7234 | D:6      | Reached skill level 9 in Air Magic
  7607 | D:7      | Noticed a wraith
  7759 | D:7      | Reached skill level 5 in Fighting
  7805 | D:7      | Killed a wraith
  7805 | D:7      | Reached XP level 9. HP: 44/54 MP: 14/17
  7816 | D:7      | Reached skill level 5 in Spellcasting
  7826 | D:7      | Found Qacliph's Elemental Accessories.
  8552 | D:7      | Offered knowledge of Conjure Flame by Vehumet.
  8552 | D:7      | Reached skill level 10 in Air Magic
  8557 | D:7      | Learned a level 3 spell: Conjure Flame
  8721 | D:7      | Found a shimmering altar of Xom.
  8877 | D:7      | Reached skill level 1 in Fire Magic
  8878 | D:7      | Reached *** piety under Vehumet
  8933 | D:7      | Found a staircase to the Ecumenical Temple.
  9464 | D:8      | Noticed Erica
  9470 | D:8      | Killed Erica
  9470 | D:8      | Offered knowledge of Mephitic Cloud by Vehumet.
  9470 | D:8      | Reached XP level 10. HP: 64/64 MP: 2/18
  9499 | D:8      | Learned a level 3 spell: Mephitic Cloud
  9767 | D:8      | Reached skill level 11 in Air Magic
 10341 | D:9      | Found a staircase to the Lair.
 10818 | D:9      | Got an ichor-stained long sword
 10819 | D:9      | Identified the +4 long sword "Afetimu" {drain, +Rage rElec
                  | Dex-2 Stlth+} (You found it on level 9 of the Dungeon)
 10866 | D:9      | Reached **** piety under Vehumet
 10984 | D:9      | Reached skill level 1 in Evocations
 11210 | D:9      | Offered knowledge of Inner Flame by Vehumet.
 11516 | D:10     | Entered Level 10 of the Dungeon
 11518 | D:10     | Reached skill level 5 in Dodging
 11657 | D:10     | Reached XP level 11. HP: 71/71 MP: 19/19
 11721 | D:10     | Reached skill level 10 in Conjurations
 13034 | Lair:1   | Entered Level 1 of the Lair of Beasts
 13043 | Lair:1   | Reached skill level 12 in Air Magic
 13411 | Lair:1   | Learned a level 2 spell: Ensorcelled Hibernation
 13720 | Lair:1   | Reached skill level 1 in Ice Magic
 14552 | Lair:2   | Noticed Sonja
 14554 | Lair:2   | Killed Sonja
 14905 | Lair:2   | Found a staircase to the Swamp.
 15316 | Lair:2   | Reached XP level 12. HP: 75/75 MP: 21/21
 16006 | Lair:3   | Noticed a seven-headed hydra
 16139 | Lair:3   | Found a staircase to the Snake Pit.
 16144 | Lair:3   | Reached skill level 5 in Evocations
 16165 | Lair:2   | Reached ***** piety under Vehumet
 16339 | Lair:3   | Killed a seven-headed hydra
 16339 | Lair:3   | Reached skill level 13 in Air Magic
 16756 | Lair:3   | Offered knowledge of Bolt of Magma by Vehumet.
 17813 | Lair:4   | Reached skill level 10 in Dodging
 18392 | Lair:4   | Learned a level 4 spell: Summon Lightning Spire
 18701 | Lair:5   | Noticed an eight-headed hydra
 18853 | Lair:5   | Noticed a five-headed hydra
 18858 | Lair:5   | Killed a five-headed hydra
 18858 | Lair:5   | Reached skill level 1 in Summonings
 19018 | Lair:5   | Killed an eight-headed hydra
 19091 | Lair:5   | Reached XP level 13. HP: 80/80 MP: 2/24
 19437 | Lair:5   | HP: 1/80 [six-headed hydra (6)]
 19437 | Lair:5   | Slain by a six-headed hydra

Illustrated notes

Levels and vault maps discovered:
D:1:      minmay_arrival_widening_spiral_wide, layout_basic
D:2:      layout_basic, lemuel_coloured_pillars_altar
D:3:      layout_loops_corners, gammafunk_temple_overflow_arena, first_ration
D:4:      layout_loops_corners, lemuel_crystal_altar,
          grunt_temple_overflow_open, kennysheep_mini, tgw_trog, serial_undead,
          serial_undead_b, serial_undead_e, serial_undead_e, serial_undead_f,
          uniq_grinder
D:5:      layout_basic, nicolae_overflow_hidden_temple
D:6:      layout_basic, eat_drink_and_be_merry_uskayaw, serial_park_tiny_2
D:7:      layout_gridville, tgw_xom, minmay_temple_entry_arrows,
          kennysheep_minor_cross, grunt_ministairs_9, minmay_gold_behind_fungi,
          nicolae_elemental_shop
D:8:      layout_gridville, uniq_erica
D:9:      layout_loops_cross, david_lair_shrubbed
D:10:     layout_cave_pods, grunt_tough_drop
Lair:1:   layout_roguey, serial_bayou_pond_e,
          eino_small_chamber_without_monster, grunt_megastairs_2
Lair:2:   layout_small_grid, swamp_mist_pool, roderic_carrion_pond, uniq_sonja
Lair:3:   layout_loops_ring, minmay_snake_entry_six_corridors
Lair:4:   dpeg_oklob_shooting_range, layout_long_grid, serial_bayou_shore_a,
          grunt_megastairs_3, infiniplex_staircase_pool
Lair:5:   layout_gridlike, minmay_slime_entry_oklob_enclosed, special_room
          [special_room_bee]

Skill      XL: |  1  2  3  4  5  6  7  8  9 10 11 12 |
---------------+-------------------------------------+-----
Conjurations   | 2 3 4 5 6 8 9 11 12 | 12.3
Air Magic      | 5 6 7 8 9 10 11 12 13 | 13.7
Spellcasting   | 3 4 5 6 |  6.7
Fighting       | 1 3 5 8 9 |  9.0
Dodging        | 3 5 8 10 | 10.8
Fire Magic     | 1 |  1.0
Evocations     | 2 4 5 |  5.0
Ice Magic      | 2 |  2.0
Summonings     | 2 |  2.6
Stealth        | |  2.0

Action                   |  1- 3 |  4- 6 |  7- 9 | 10-12 | 13-15 || total
-------------------------+-------+-------+-------+-------+-------++-------
Melee: Unarmed           |     9 |       |       |       |       ||     9
       Kick              |     4 |     1 |       |    15 |       ||    20
       Peck              |     1 |       |       |    11 |       ||    12
       Trident           |       |     7 |       |       |       ||     7
       Quarterstaff      |       |       |     4 |       |       ||     4
       Scimitar          |       |       |       |    27 |       ||    27
Throw: Dart              |     1 |     4 |    17 |     5 |       ||    27
 Cast: Shock             |    80 |   147 |   204 |   155 |       ||   586
       Airstrike         |       |       |    34 |   225 |    10 ||   269
       Lightning Bolt    |       |       |     4 |    26 |       ||    30
       Summon Lightning  |       |       |       |       |     2 ||     2
 Abil: Fly               |       |     1 |       |       |       ||     1
Evoke: Wand              |       |     1 |       |     7 |       ||     8
  Use: Potion            |       |     2 |       |     1 |       ||     3
       Scroll            |       |       |    11 |     7 |       ||    18
 Stab: Sleeping          |       |     1 |     1 |       |       ||     2
  Eat: Chunk             |     4 |     7 |    12 |    40 |       ||    63
       Ration            |       |     1 |     2 |     8 |     1 ||    12
Armor: Robe              |     6 |     5 |     4 |     8 |       ||    23
       Troll leather arm |       |       |       |     2 |     3 ||     5
Dodge: Dodged            |    22 |    48 |    50 |    88 |     2 ||   210
Block: Other             |       |       |       |    16 |       ||    16
       Rpst.: Scimitar   |       |       |       |    25 |     1 ||    26
